 Dungeon Crawl Stone Soup version 0.20.0-7-g3b7b877 (webtiles) character file.

3758 Ijustatesigmund the Conjurer (level 10, -2/63 HPs)
             Began as an Octopode Conjurer on May 29, 2017.
             Was an Elder of Cheibriados.
             Slain by mopl's ghost (31 damage)
             ... on level 8 of the Dungeon.
             The game lasted 00:33:14 (9051 turns).

Ijustatesigmund the Conjurer (Octopode Conjurer)    Turns: 9051, Time: 00:33:14

Health: -2/63      AC:  3    Str: 16    XL:     10   Next: 15%
Magic:  12/21      EV: 16    Int: 28    God:    Cheibriados [****..]
Gold:   365        SH:  0    Dex: 30    Spells: 10/24 levels left

rFire    + . .     SeeInvis .   f - +7 dagger
rCold    . . .     Gourm    .   (no shield)
rNeg     . . .     Faith    .   w - +2 hat
rPois    .         Spirit   .   (no amulet)
rElec    .         Reflect  .   t - +6 ring of dexterity
rCorr    .         Harm     .   x - ring of protection from fire
MR       .....                  (no ring)
Stlth    +++++.....             (no ring)
Regen    0.2/turn               (no ring)
MPRegen  0.2/turn               (no ring)
                                (no ring)
                                (no ring)

@: about to teleport, very slow
A: almost no armour, stealthy swim, amphibious, 8 rings, constrict 8, camouflage
1, gelatinous body 1
a: Bend Time, Temporal Distortion, Slouch, Renounce Religion


You were on level 8 of the Dungeon.
You worshipped Cheibriados.
Cheibriados was greatly pleased with you.
You were hungry.

You visited 1 branch of the dungeon, and saw 8 of its levels.

You collected 434 gold pieces.
You spent 69 gold pieces at shops.

Inventory:

Hand Weapons
 f - a +7 dagger (weapon)
Missiles
 r - 7 tomahawks (quivered)
Armour
 w - a +2 hat (worn)
Jewellery
 t - a +6 ring of dexterity (left tentacle)
 x - a ring of protection from fire (right tentacle)
Wands
 s - a wand of iceblast (9/15)
 z - a wand of lightning (11/15)
 C - a wand of digging (16/24)
Scrolls
 h - 4 scrolls of remove curse
 i - a scroll of blinking
 q - a scroll of enchant armour
 y - a scroll of amnesia
 A - a scroll of identify
 D - a scroll of immolation {unknown}
Potions
 c - 2 potions of invisibility
 d - a potion of resistance
 e - 4 potions of agility
 g - 3 potions of curing
 k - 3 potions of flight
 l - 2 potions of ambrosia
 n - 3 potions of heal wounds {unknown}
 o - 2 potions of lignification {unknown}
 v - a potion of degeneration {unknown}
Books
 a - a book of Conjurations

   Spells                             Type                      Level
   a - Magic Dart                     Conjuration                  1
   b - Searing Ray                    Conjuration                  2
   c - Dazzling Spray                 Conjuration/Hexes            3
   d - Fulminant Prism                Conjuration/Hexes            4
   e - Force Lance                    Conjuration/Translocation    4
   f - Iskenderun's Mystic Blast      Conjuration                  4
 B - a book of Callings

   Spells                             Type                      Level
   a - Summon Small Mammal            Summoning                    1
   b - Call Imp                       Summoning                    2
   c - Call Canine Familiar           Summoning                    3
   d - Summon Guardian Golem          Hexes/Summoning              3
   e - Summon Lightning Spire         Summoning/Air                4
   f - Summon Ice Beast               Ice/Summoning                4
Comestibles
 b - 7 bread rations
 j - 3 fruits
 m - 2 royal jellies
 u - 3 meat rations


   Skills:
 - Level 3.9 Fighting
 - Level 2.6 Short Blades
 - Level 3.0 Dodging
 - Level 4.2 Stealth
 + Level 7.6 Spellcasting
 + Level 7.9 Conjurations
 - Level 2.3 Hexes
 + Level 7.5 Invocations


You had 10 spell levels left.
You knew the following spells:

 Your Spells              Type           Power        Failure   Level  Hunger
a - Magic Dart            Conj           ####         1%          1    None
b - Searing Ray           Conj           ######       1%          2    None
c - Dazzling Spray        Conj/Hex       #####.       1%          3    None
d - Iskenderun's Mystic   Conj           ######..     1%          4    ##.....
e - Fulminant Prism       Conj/Hex       #####.....   6%          4    ##.....


Dungeon Overview and Level Annotations

Branches:
Dungeon (8/15)             Temple (0/1) D:4
   Lair: D:8-11

Altars:
Cheibriados
Gozag
Okawaru
Qazlal
Vehumet
Zin

Shops:
D:6 *

Annotations:
D:8 mopl's ghost, journeyman TrHu


Innate Abilities, Weirdness & Mutations

You cannot wear most types of armour.
You are very stealthy in the water. (Stealth+)
You are amphibious.
You can wear up to eight rings at the same time.
You can use your tentacles to constrict eight enemies at once.
Your skin changes colour to match your surroundings (Stealth+).
Your rubbery body absorbs attacks. (AC +1, EV +1)


Message History

Mopl's ghost is lightly damaged.
Casting: Magic Dart
Confirm with . or Enter, or press ? or * to list all spells.
Aiming: Searing Ray
Press: ? - help, Shift-Dir - straight line, f/p - mopl's ghost
Aim: mopl's ghost (lightly damaged)
The searing ray hits mopl's ghost.
Mopl's ghost is lightly damaged. (Press . to maintain the ray.)
The searing ray hits mopl's ghost.
Mopl's ghost is lightly damaged.
The searing ray hits mopl's ghost.
Mopl's ghost is moderately damaged.
The searing ray hits mopl's ghost.
Mopl's ghost is moderately damaged.
You finish channeling your searing ray.
Mopl's ghost hits you!!
Ouch! That really hurt!
As you read the scroll of teleportation, it crumbles to dust.
You feel strangely unstable. Mopl's ghost hits you!!
You die...

.###......## ...
#.#...## ... #.##.## ..
#.## # #.# #. ##.. #.#
... ##'## #.# ##...##
#W## ##.....## #@.##
##.......##
######...####.........#
.........)).(...(.....'
####....)####.........#
#.#...# ##.......##
#.#.#.# ##.....##
#...#.# ##...## #(###.#
##'## #. ..# #.#


You could see mopl's ghost.

Vanquished Creatures
  Grinder (D:6)
  A hippogriff (D:8)
  2 orc warriors
  A sky beast (D:7)
  2 ice beasts
  A black bear (D:8)
  A phantom (D:6)
  A necrophage (D:5)
  3 ogres
  2 centaurs (D:6)
  2 big kobolds
  A bullfrog (D:8)
  4 scorpions
  3 killer bees (D:7)
  3 wights (D:7)
  4 howler monkeys
  2 crimson imps (D:6)
  A bullfrog zombie (D:6)
  2 centaur zombies
  2 jellies
  6 orc priests
  A hound (D:6)
  3 centaur skeletons
  8 orc wizards
  2 bullfrog skeletons
  Jessica (D:2)
  5 iguanas
  6 worker ants
  A hound zombie (D:6)
  A hound skeleton (D:5)
  8 adders
  5 gnolls
  3 shadow imps (D:7)
  3 oozes
  4 adder skeletons
  An adder zombie (D:8)
  2 dart slugs
  A leopard gecko (D:7)
  40 orcs
  6 bats
  4 giant cockroaches
  6 hobgoblins
  4 jackals
  15 kobolds
  7 quokkas
  A ball python (D:7)
  2 frilled lizards
  7 goblins
  A leopard gecko zombie (D:6)
  4 rats
197 creatures vanquished.

Vanquished Creatures (others)
  2 butterflies (D:4)
  8 fulminant prisms
10 creatures vanquished.

Grand Total: 207 creatures vanquished

Notes
Turn   | Place    | Note
-------+----------+-------------------------------------------
     0 | D:1      | Ijustatesigmund the Octopode Conjurer began the quest for the Orb.
     0 | D:1      | Reached XP level 1. HP: 11/11 MP: 3/3
   163 | D:1      | Reached skill level 1 in Fighting
   163 | D:1      | Reached XP level 2. HP: 18/18 MP: 3/5
   167 | D:1      | Learned a level 2 spell: Searing Ray
   937 | D:2      | Reached XP level 3. HP: 23/24 MP: 1/7
   942 | D:2      | Learned a level 3 spell: Dazzling Spray
  1227 | D:2      | Reached XP level 4. HP: 29/29 MP: 4/8
  1559 | D:2      | Noticed Jessica
  1570 | D:2      | Killed Jessica
  1778 | D:3      | Reached XP level 5. HP: 36/36 MP: 4/10
  2525 | D:3      | Reached XP level 6. HP: 12/43 MP: 1/12
  3253 | D:4      | Found an iron altar of Okawaru.
  3254 | D:4      | Found a stormy altar of Qazlal.
  3534 | D:4      | Reached skill level 1 in Short Blades
  3534 | D:4      | Reached skill level 1 in Hexes
  3817 | D:4      | Found a staircase to the Ecumenical Temple.
  4180 | D:4      | Found a snail-covered altar of Cheibriados.
  4186 | D:4      | Became a worshipper of Cheibriados the Contemplative
  4244 | D:5      | Entered Level 5 of the Dungeon
  4402 | D:5      | Learned a level 4 spell: Iskenderun's Mystic Blast
  4446 | D:5      | Found a glowing silver altar of Zin.
  4516 | D:5      | Reached XP level 7. HP: 40/47 MP: 13/13
  5044 | D:5      | Found a radiant altar of Vehumet.
  5275 | D:5      | Reached * piety under Cheibriados
  5433 | D:5      | Reached skill level 1 in Invocations
  5636 | D:5      | Reached XP level 8. HP: 44/54 MP: 15/15
  5939 | D:6      | Reached skill level 5 in Spellcasting
  6069 | D:6      | Found Orockak's Assorted Antiques.
  6078 | D:6      | Bought a scroll labeled ZAOMPA UTIO for 23 gold pieces
  6078 | D:6      | Bought a scroll labeled OSSUGA XIFUUTE for 23 gold pieces
  6078 | D:6      | Bought a scroll labeled GULEGA ECHEHAU for 23 gold pieces
  6129 | D:6      | Reached skill level 5 in Conjurations
  6513 | D:6      | Reached ** piety under Cheibriados
  6914 | D:6      | Noticed Grinder
  6921 | D:6      | Killed Grinder
  6921 | D:6      | Reached XP level 9. HP: 37/58 MP: 16/18
  6932 | D:6      | Reached skill level 5 in Invocations
  7317 | D:7      | Learned a level 4 spell: Fulminant Prism
  7817 | D:7      | Reached *** piety under Cheibriados
  8076 | D:7      | Found an iron altar of Okawaru.
  8167 | D:8      | Found an opulent altar of Gozag.
  8306 | D:8      | Reached XP level 10. HP: 30/63 MP: 19/21
  8309 | D:8      | Noticed mopl's ghost (journeyman TrHu)
  8552 | D:8      | Reached **** piety under Cheibriados
  9051 | D:8      | Slain by mopl's ghost

Skill      XL: |  1  2  3  4  5  6  7  8  9 |
---------------+----------------------------+-----
Fighting       | 1 2 3 |  3.9
Spellcasting   | 3 4 6 7 |  7.6
Short Blades   | 2 |  2.6
Hexes          | 2 |  2.3
Stealth        | 3 4 |  4.2
Dodging        | 3 |  3.0
Invocations    | 2 4 7 |  7.5
Conjurations   | 6 7 |  7.9

Action                   |  1- 3 |  4- 6 |  7- 9 | 10-12 || total
-------------------------+-------+-------+-------+-------++-------
Melee: Whip              |     3 |       |       |       ||     3
       Tentacles         |     2 |    10 |    78 |     6 ||    96
       Dagger            |     5 |    68 |   252 |    15 ||   340
       Constrict         |     1 |    13 |    58 |     2 ||    74
Throw: Tomahawk          |       |       |     1 |       ||     1
 Cast: Magic Dart        |    33 |    75 |    17 |    10 ||   135
       Searing Ray       |     3 |     2 |     6 |     4 ||    15
       Fulminant Prism   |       |       |     3 |     5 ||     8
Evoke: Wand              |       |       |     2 |       ||     2
  Use: Scroll            |    10 |     5 |     6 |     2 ||    23
       Potion            |       |       |     3 |     2 ||     5
 Stab: Sleeping          |     1 |     3 |    14 |     1 ||    19
       Distracted        |       |       |     1 |       ||     1
  Eat: Chunk             |     1 |    10 |     8 |       ||    19
Armor: Skin              |     2 |     7 |    24 |     3 ||    36
Dodge: Dodged            |    12 |    60 |   177 |     9 ||   258
